 Dungeon Crawl Stone Soup version 0.31-a0-986-g5e6e4ef867 (webtiles) character file.

Game seed: 15908389565089404285

107 ytrimaz the Changeling (level 4, -2/52 (69) HPs)
             Began as an Ogre Shapeshifter on Nov 15, 2023.
             Slain by Edmund
             ... wielding a +2 flail of draining
              (10 damage)
             ... on level 3 of the Dungeon.
             The game lasted 00:02:58 (2668 turns).

ytrimaz the Changeling (Ogre Shapeshifter)          Turns: 2668, Time: 00:02:59

HP:   -2/52 (69)    AC: 30    Str: 18    XL:     4   Next: 85%
MP:   4/4           EV:  1    Int: 11    God:
Gold: 195           SH:  0    Dex: 10    Spells: 3/3 levels left

rFire   . .          .
                       - Unarmed
rCold   . . .        (no shield)
rNeg    . . .        a - melded +0 animal skin
rPois   +            (helmet currently unavailable)
rElec   .            (cloak currently unavailable)
rCorr   .            (gloves unavailable)
SInv    .            (boots unavailable)
Will    +....        (no amulet)
Stlth   +            i - +4 ring of protection
HPRegen 0.28/turn    e - +4 ring of protection
MPRegen 0.09/turn

%: no passive effects
@: tree-form, enlightened, heavily drained
A: stationary, stasis, torment immunity, boosted hp, large, unfitting armour,
(tough skin 1)
a: no special abilities


You were on level 3 of the Dungeon.
You were a tree.
You visited 1 branch of the dungeon, and saw 4 of its levels.

You collected 195 gold pieces.


Innate Abilities, Weirdness & Mutations

You are a tree.
Your roots penetrate the ground, keeping you stationary.
You cannot be teleported.
You are immune to unholy pain and torment.
Your maximum health is greatly increased.
Your equipment is partially melded.
You are too large for most types of armour.
((You have tough skin. (AC +1)))


   Skills:
 + Level 3.6 Fighting
 - Level 1.7 Dodging
 + Level 3.5 Unarmed Combat
 + Level 3.7 Shapeshifting


You had 3 spell levels left.
You didn't know any spells.
Your spell library was empty.

Inventory:

Armour
 a - a +0 animal skin (melded)
Jewellery
 e - a +4 ring of protection (right branch)
   (You found it on level 3 of the Dungeon)
 i - a +4 ring of protection (left branch)
   (You found it on level 1 of the Dungeon)
 l - a +6 ring of intelligence
   (You found it on level 2 of the Dungeon)
 r - a ring of resist corrosion
   (You found it on level 2 of the Dungeon)
 s - an amulet of magic regeneration
   (You found it on level 3 of the Dungeon)
Talismans
 c - a beast talisman
 d - a flux talisman
 t - a dragon-blood talisman
   (You found it on level 3 of the Dungeon)
Scrolls
 g - 3 scrolls of teleportation {unknown}
 j - 2 scrolls of identify
 n - a scroll of revelation {unknown}
 o - a scroll of immolation {unknown}
 p - a scroll of fog {unknown}
 u - a scroll of amnesia {unknown}
Potions
 f - a potion of ambrosia {unknown}
 h - a potion of mutation {unknown}
 k - a potion of brilliance
 m - 3 potions of enlightenment
 q - a potion of attraction {unknown}

Dungeon Overview and Level Annotations

Branches:
Dungeon (4/15) Zot: 21344
 Temple: D:4-7

Altars:

Annotations:
D:2 1 runed translucent door, Crazy Yiuf
D:3 Edmund

######### #.# ###.......##
#.# ..'........# #.#
###........# #.#
..'........# #.#
###........# #.# #........#
#.# ###........#######.#
...............@♣#.#
.....#####.#####†#.#
....######.# #.#.#########
....+......# #...........#
....##...#######.#.#######.#
............)......#<# #.#
...................#.# #.#
.................#.#.# #.#
.#.########.####.#.#.# #.#


You could see Edmund.


Message History

Done exploring.
You see here a +0 leather armour.
You open the door.
There is an open door here.
There is a stone staircase leading down here.
You climb downwards.
Edmund shouts!
The hobgoblin shouts!
You hear an angry hiss.
You hear a shout!
There is a stone staircase leading up here.
There are monsters nearby!
There are monsters nearby!
Edmund grinds his teeth, and then sighs.
Edmund hits you with a +2 flail of draining.
You feel drained.
There are monsters nearby! 😎 HP[-1]
You now have 45 max hp (-1).
There is a stone staircase leading up here.
Unknown command.
Press: ? - help, v - describe, . - travel
Here: Edmund, wielding a +2 flail of draining and wearing a +1 leather armour of poison resistance The floor.
Unknown command.
You can't go down here!
Unknown command.
The hobgoblin barely misses you.
You climb upwards.
There is a stone staircase leading down here.
Unknown command.
You hit the hobgoblin.
You kill the hobgoblin!
Edmund hits you but does no damage.
You feel drained. 😎 HP[-1]
You now have 44 max hp (-1).
You hit Edmund but do no damage. Edmund barely misses you.
Unknown command.
You hit Edmund.
Edmund hits you with a +2 flail of draining.
You feel drained. 😕 HP[-4]
You now have 43 max hp (-1).
You take 4 damage, and now have 40/43 hp.
You barely miss Edmund.
Edmund hits you with a +2 flail of draining.
You feel drained. 😕 HP[-6]
You now have 42 max hp (-1).
You take 6 damage, and now have 34/42 hp.
You punch Edmund!
Edmund says, "People think my brother is the best.
I think he's crazy."
Edmund hits you with a +2 flail of draining!
You feel drained. 😮 HP[-9]
You now have 41 max hp (-1).
You take 9 damage, and now have 25/41 hp.
MASSIVE DAMAGE!! (PAUSE) It was a potion of enlightenment.
You feel very buoyant.
You fly up into the air.
Edmund hits you with a +2 flail of draining.
You feel drained. 😮 HP[-2]
You now have 40 max hp (-1).
You take 2 damage, and now have 23/40 hp.
You completely miss Edmund.
Edmund hits you with a +2 flail of draining!
* * * LOW HITPOINT WARNING * * *
You feel drained.
* * * LOW HITPOINT WARNING * * *
😨 HP[-12]
You now have 39 max hp (-1).
You take 12 damage, and now have 11/39 hp.
MASSIVE DAMAGE!! (PAUSE)
Your transformation has ended.
You turn into a tree.
Your +0 animal skin melds into your body.
Your roots penetrate the ground.
Edmund hits you with a +2 flail of draining.
* * * LOW HITPOINT WARNING * * *
You feel drained. 😨 HP[+3]
You now have 55 max hp (+16).
You regained 3 hp, and now have 14/55 hp.
You smack Edmund!
Edmund hits you with a +2 flail of draining.
* * * LOW HITPOINT WARNING * * *
You feel drained.
* * * LOW HITPOINT WARNING * * *
😱 HP[-6]
You now have 54 max hp (-1).
You take 6 damage, and now have 8/54 hp.
You hit Edmund. Edmund completely misses you.
Unknown command.
You closely miss Edmund. Edmund hits you but does no damage.
You feel drained.
You now have 52 max hp (-2).
You barely miss Edmund. Your punch misses Edmund.
Edmund hits you with a +2 flail of draining!
You die...
Edmund says, "I'd like to see a scythe do that!"

Skill      XL: |  1  2  3 |
---------------+----------+-----
Fighting       | 2 3 |  3.6
Unarmed Combat | 3 |  3.5
Dodging        | |  1.7
Shapeshifting  | |  3.7

Action                     |  1- 3 |  4- 6 || total
---------------------------+-------+-------++-------
  Melee: Unarmed           |   149 |    47 ||   196
         Punch             |     5 |       ||     5
    Use: Scroll            |       |     2 ||     2
         Potion            |       |     2 ||     2
   Stab: Sleeping          |     1 |       ||     1
 Armour: Animal skin       |   141 |    26 ||   167
         Skin              |       |     4 ||     4
  Dodge: Dodged            |    90 |    15 ||   105

Levels and vault maps discovered:
D:1:      onia_arrival_pentagram, layout_basic,
          hellmonk_ecumenical_altar_inner_sanctum
D:2:      layout_basic, grunt_ministairs_14, hangedman_decor_growths,
          dk_noncrumbling_2, minmay_rat_hole, uniq_crazy_yiuf_cottage
D:3:      layout_basic
D:4:      layout_cave_pools, cheibrodos_ashenzari_chains, serial_park,
          serial_park_fountain, serial_park_gazebo
          [serial_park_minivault_5x5_7], serial_park_tiny_2,
          gammafunk_ghost_cemetery, uniq_edmund

Notes
Turn   | Place    | Note
-------+----------+-------------------------------------------
     0 | D:1      | ytrimaz the Ogre Shapeshifter began the quest for the Orb.
     0 | D:1      | Reached XP level 1. HP: 19/19 MP: 1/1
     0 | D:1      | magus.rc [v1.9.6]
   263 | D:1      | Reached skill level 2 in Fighting
   263 | D:1      | Reached XP level 2. HP: 28/28 MP: 2/2
   458 | D:1      | Found a faded altar of an unknown god.
   463 | D:1      | Reached skill level 3 in Unarmed Combat
   856 | D:2      | Reached XP level 3. HP: 36/36 MP: 3/3
  1346 | D:2      | Found a runed translucent door.
  1347 | D:2      | Noticed Crazy Yiuf
  1491 | D:2      | Reached skill level 3 in Fighting
  1846 | D:3      | Reached XP level 4. HP: 44/45 MP: 4/4
  2652 | D:4      | Noticed Edmund
  2652 | D:4      | Noticed a scorpion
  2664 | D:3      | HP: 14/58 [Edmund/+2 flail of draining (3)]
  2668 | D:3      | Slain by Edmund

Vanquished Creatures
  An orc wizard (D:3)
  A worm (D:2)
  3 dart slugs
  5 orcs (D:3)
  6 bats
  5 endoplasms
  2 goblins
  6 hobgoblins
  3 kobolds
  3 quokkas (D:2)
  7 ball pythons
  4 frilled lizards
  22 rats
68 creatures vanquished.

Table legend:
 A = Non-vault XP
 B = Vault XP
 C = Vault XP percentage of total XP
 D = Non-vault monster count
 E = Vault monster count
 F = Vault count percentage of total count
                 A         B        C        D         E       F
            +---------+---------+-------+---------+---------+-------
      Total |     126 |      27 |  17.6 |      47 |      21 |  30.9
            +---------+---------+-------+---------+---------+-------
        D:1 |      23 |       0 |   0.0 |      13 |       0 |   0.0
        D:2 |      21 |      27 |  56.2 |      13 |      21 |  61.8
        D:3 |      82 |       0 |   0.0 |      21 |       0 |   0.0
            +---------+---------+-------+---------+---------+-------

Skill      XL: |  1  2  3 |
---------------+----------+-----
Fighting       | 2 3 |  3.6
Unarmed Combat | 3 |  3.5
Dodging        | |  1.7
Shapeshifting  | |  3.7

Action                     |  1- 3 |  4- 6 || total
---------------------------+-------+-------++-------
  Melee: Unarmed           |   149 |    47 ||   196
         Punch             |     5 |       ||     5
    Use: Scroll            |       |     2 ||     2
         Potion            |       |     2 ||     2
   Stab: Sleeping          |     1 |       ||     1
 Armour: Animal skin       |   141 |    26 ||   167
         Skin              |       |     4 ||     4
  Dodge: Dodged            |    90 |    15 ||   105

Illustrated notes

Table legend:
 A = Kills in this place as a percentage of kills in the entire game.
 B = Kills by you in this place as a percentage of kills by you in the entire game.
 C = Kills by friends in this place as a percentage of kills by friends in the entire game.
 D = Other kills in this place as a percentage of other kills in the entire game.
 E = Experience gained in this place as a percentage of experience gained in the entire game.
 F = Experience gained in this place divided by the number of levels of this place that you have seen.
                   A       B       C       D       E      F
               +-------+-------+-------+-------+-------+----------------------
         Total | 100.0 | 100.0 |   N/A |   N/A | 100.0 |  38.2
       Dungeon | 100.0 | 100.0 |   N/A |   N/A | 100.0 |  38.2
               +-------+-------+-------+-------+-------+----------------------

Table legend: (Time is in decaauts)
 A = Elapsed time spent in this place.
 B = Non-inter-level travel time spent in this place.
 C = Inter-level travel time spent in this place.
 D = Time resting spent in this place.
 E = Time spent auto-exploring this place.
 F = Levels seen in this place.
 G = Mean time per level.
                   A        B        C        D        E       F      G
               +--------+--------+--------+--------+--------+-----+--------+
         Total |   2654 |   2527 |    127 |      0 |   2090 |   4 |  663.5 |
       Dungeon |   2654 |   2527 |    127 |      0 |   2090 |   4 |  663.5 |
               +--------+--------+--------+--------+--------+-----+--------+

Top non-repeatable levels by time:
     D:2: 1093 daAuts
     D:3: 894 daAuts
     D:1: 662 daAuts
     D:4: 3 daAuts
